Maple Leafs vs Coyotes

Created - 27 décembre 2015 at 22:14

Goals
1 2 3 T
Maple Leafs 1 0 1 2
Coyotes 0 3 1 4
Shots
1 2 3 T
Maple Leafs 13 9 11 33
Coyotes 6 15 7 28

1st period

1. Maple Leafs , Marc-Édouard Vlasic 2 (Jordan Staal, Matt Pettinger) at 18:53

Penalties :
Justin Schultz (Tor) for Holding (Minor) at 7:15

2nd period

2. Coyotes , Marian Gaborik 19 (Denis Grebeshkov) at 2:50
3. Coyotes , Marian Gaborik 20 (Tim Connolly) at 3:21
4. Coyotes , Drew Miller 7 (Erik Cole, Denis Grebeshkov) at 10:05

Penalties :
Tobias Enstrom (Tor) for Slashing (Minor) at 6:21, Sergei Shirokov (Ari) for Hooking (Minor) at 10:57, Fabian Brunnstrom (Tor) for Hooking (Minor) at 12:46

3rd period

5. Coyotes , Marian Gaborik 21 (Tim Connolly, Anton Stralman) at 7:10
6. Maple Leafs , Rob Schremp 7 (Justin Abdelkader, Jordan Staal) at 8:59

Penalties :
Denis Grebeshkov (Ari) for Roughing (Minor) at 0:19, Nazem Kadri (Ari) for Hooking (Minor) at 2:01, Justin Abdelkader (Tor) for Boarding (Minor) at 16:49

Goalie Stats

Mike Smith (Tor), 24 saves from 28 shots - (0,857), L, 1-3-0, 60:00 minutes
Ryan Miller (Ari), 31 saves from 33 shots - (0,939), W, 13-16-3, 60:00 minutes

Players Stats for Maple Leafs

Player Name              G  A  P  +/- PIM S  H  SB GA TA FO     MP     PP MP  PK MP  
------------------------------------------------------------------------------------
Alexander Frolov         0  0  0  -3  0   3  0  0  0  0  0/2    22:55   2:57   2:58 
Blake Comeau             0  0  0   1  0   0  0  0  0  1  0/0     6:55   0:00   0:00 
Braydon Coburn           0  0  0  -4  0   1  1  0  1  0  0/0    28:19   2:34   4:22 
Brendan Morrison         0  0  0  -1  0   4  1  0  0  0  9/14   15:46   2:33   0:14 
Byron Bitz               0  0  0  -1  0   3  2  0  1  0  0/1    17:10   2:33   1:51 
Claude Giroux            0  0  0  -3  0   4  0  1  5  1  2/5    23:24   2:57   4:01 
Colby Armstrong          0  0  0   1  0   0  1  0  0  0  0/1    10:19   0:00   0:00 
Evgeni Malkin            0  0  0  -3  0   4  1  0  2  0  12/27  23:21   2:57   3:58 
Fabian Brunnstrom        0  0  0  -1  2   1  0  0  2  0  0/0    16:21   2:32   0:38 
Jamie McBain             0  0  0   1  0   0  0  1  0  1  0/0    11:24   0:00   0:00 
Jordan Staal             0  2  2   1  0   1  0  0  0  0  3/7    10:19   0:00   0:00 
Justin Abdelkader        0  1  1   1  2   2  1  0  0  0  0/0     6:54   0:00   0:09 
Justin Schultz           0  0  0   1  2   0  0  0  0  2  0/0    12:29   0:00   1:01 
Marc-Édouard Vlasic      1  0  1   1  0   2  1  1  0  0  0/0    20:52   2:56   3:39 
Matt Pettinger           0  1  1   1  0   2  1  0  1  0  2/2    11:50   0:00   1:43 
Rob Schremp              1  0  1   1  0   3  0  0  0  0  1/1     6:43   0:00   0:00 
Taylor Chorney           0  0  0   1  0   1  1  2  0  0  0/0    20:17   2:56   3:24 
Tobias Enstrom           0  0  0  -4  2   2  1  0  1  2  0/0    26:42   2:34   3:06 

Players Stats for Coyotes

Player Name              G  A  P  +/- PIM S  H  SB GA TA FO     MP     PP MP  PK MP  
------------------------------------------------------------------------------------
Adrian Aucoin            0  0  0  -1  0   0  0  0  0  1  0/0    14:41   0:38   0:29 
Anton Stralman           0  1  1   4  0   2  3  0  2  1  0/0    25:40   3:01   2:53 
Chad Larose              0  0  0  -1  0   0  0  0  0  0  1/1    15:01   0:13   3:09 
Denis Grebeshkov         0  2  2   2  2   3  1  1  0  1  0/0    23:25   4:07   1:51 
Drew Miller              1  0  1   0  0   1  2  0  0  0  2/7    15:11   0:00   3:18 
Erik Christensen         0  0  0   0  0   1  2  0  1  0  1/2     8:14   0:13   0:13 
Erik Cole                0  1  1  -1  0   0  3  0  0  0  2/2    14:35   2:52   0:33 
Frans Nielsen            0  0  0   0  0   2  1  0  0  0  5/9    12:42   0:00   1:25 
Georges Laraque          0  0  0   0  0   0  1  0  0  0  0/0     7:47   0:00   0:00 
Jan Hlavac               0  0  0   0  0   0  0  0  0  0  0/0     9:14   0:00   1:25 
Kurt Sauer               0  0  0  -1  0   0  1  0  0  3  0/0    17:02   0:31   3:16 
Marian Gaborik           3  0  3   3  0   7  2  0  2  1  1/1    20:32   4:41   0:00 
Matt Taormina            0  0  0  -1  0   0  1  1  0  2  0/0    16:28   3:01   0:00 
Nazem Kadri              0  0  0  -1  2   0  0  0  0  1  6/15   14:59   2:52   0:33 
Sergei Shirokov          0  0  0   0  2   1  0  0  2  0  0/0    14:40   3:00   0:00 
Tim Connolly             0  2  2   3  0   4  1  0  0  0  13/23  20:32   4:41   0:00 
Tyler Ennis              0  0  0   3  0   5  0  0  0  1  0/0    20:28   4:46   0:00 
Wade Redden              0  0  0   1  0   2  0  2  0  2  0/0    22:49   4:14   2:37 

3 Stars

1 - Marian Gaborik (Ari)
2 - Anton Stralman (Ari)
3 - Tim Connolly (Ari)

Power Play

Maple Leafs - 0 on 3 Attempt(s) - 0,00%
Coyotes - 0 on 4 Attempt(s) - 0,00%

Penalty Kill

Maple Leafs - 4 on 4 Attempt(s) - 100,00% - Score 0 goal in Penalty Kill
Coyotes - 3 on 3 Attempt(s) - 100,00% - Score 0 goal in Penalty Kill

Team Stat

Maple Leafs - Hits : 11 - Faceoff Wins : 29 - Blocked Shots : 5 - Penalty Minutes : 8
Coyotes - Hits : 18 - Faceoff Wins : 31 - Blocked Shots : 4 - Penalty Minutes : 6

Official

Referees : Hasenfratz Mike and LaRue Dennis
Linesman : Don Henderson and Pierre Racicot

Game Notes

Marian Gaborik has scored a Hat Trick!

Finance

Level 1 -- Attendance: 4580 (76,33%) -- Ticket Income 458 000 $
Level 2 -- Attendance: 3390 (67,80%) -- Ticket Income 203 400 $
Level 3 -- Attendance: 1496 (74,80%) -- Ticket Income 56 848 $
Level 4 -- Attendance: 2528 (63,20%) -- Ticket Income 70 784 $
Luxury Box -- Attendance: 682 (68,20%) -- Ticket Income 136 400 $
Game was played at the The Pack Center'
Total Attendance: 12676 (70,42%)
Total Ticket Income: 925 432 $
Other Income: 138 815 $
Total Income: 1 064 247 $

Maple Leafs

5 vs 5 Forward 
   Center                   Left Wing                Right Wing               Time % Phy DF OF 
 1 Evgeni Malkin            Alexander Frolov         Claude Giroux            40     1   2  2  
 2 Brendan Morrison         Fabian Brunnstrom        Byron Bitz               30     1   2  2  
 3 Jordan Staal             Matt Pettinger           Colby Armstrong          20     1   2  2  
 4 Rob Schremp              Justin Abdelkader        Blake Comeau             10     1   2  2  

5 vs 5 Defense 
   Defense                  Defense                                           Time % Phy DF OF 
 1 Tobias Enstrom           Braydon Coburn                                    40     1   2  2  
 2 Marc-Édouard Vlasic      Taylor Chorney                                    30     1   2  2  
 3 Jamie McBain             Justin Schultz                                    20     1   2  2  
 4 Tobias Enstrom           Braydon Coburn                                    10     1   2  2  

PowerPlay Forward 
   Center                   Left Wing                Right Wing               Time % Phy DF OF 
 1 Evgeni Malkin            Alexander Frolov         Claude Giroux            60     1   2  2  
 2 Brendan Morrison         Fabian Brunnstrom        Byron Bitz               40     1   2  2  

PowerPlay Defense
   Defense                  Defense                                           Time % Phy DF OF 
 1 Tobias Enstrom           Braydon Coburn                                    60     1   2  2  
 2 Marc-Édouard Vlasic      Taylor Chorney                                    40     1   2  2  

Penalty Kill 4 Players Forward 
   Center                   Wing                     Time % Phy DF OF 
 1 Claude Giroux            Evgeni Malkin            60     1   2  2  
 2 Alexander Frolov         Byron Bitz               40     1   2  2  

Penalty Kill 4 Players Defense
   Defense                  Defense                  Time % Phy DF OF 
 1 Tobias Enstrom           Braydon Coburn           60     1   2  2  
 2 Marc-Édouard Vlasic      Taylor Chorney           40     1   2  2  

Penalty Kill - 3 Players Forward 
   Forward                                           Time % Phy DF OF 
 1 Claude Giroux                                     60     1   2  2  
 2 Evgeni Malkin                                     40     1   2  2  

Penalty Kill - 3 Players Defense
   Defense                  Defense                  Time % Phy DF OF 
 1 Tobias Enstrom           Braydon Coburn           60     1   2  2  
 2 Marc-Édouard Vlasic      Taylor Chorney           40     1   2  2  

4 vs 4 Forward 
   Center                   Wing                     Time % Phy DF OF 
 1 Claude Giroux            Evgeni Malkin            60     1   2  2  
 2 Alexander Frolov         Byron Bitz               40     1   2  2  

4 vs 4 Defense
   Defense                  Defense                  Time % Phy DF OF 
 1 Tobias Enstrom           Braydon Coburn           60     1   2  2  
 2 Marc-Édouard Vlasic      Taylor Chorney           40     1   2  2  

Last Minutes Offensive
   Center                   Left Wing                Right Wing               Defense                  Defense                  
   Evgeni Malkin            Alexander Frolov         Claude Giroux            Tobias Enstrom           Braydon Coburn           

Last Minutes Defensive
   Center                   Left Wing                Right Wing               Defense                  Defense                  
   Evgeni Malkin            Alexander Frolov         Claude Giroux            Tobias Enstrom           Braydon Coburn           

Goaltenders
Starting : Mike Smith               
Backup : Marc-André Fleury        

Extra Forwards
Normal : Jordan Staal, Colby Armstrong, Matt Pettinger - PP : Jordan Staal, Colby Armstrong - PK : Matt Pettinger
Extra Defensemen
Normal : Jamie McBain, Justin Schultz, Marc-Édouard Vlasic - PP : Jamie McBain - PK : Justin Schultz, Marc-Édouard Vlasic
Penalty Shots
Claude Giroux, Evgeni Malkin, Alexander Frolov, Byron Bitz, Brendan Morrison

Coyotes

5 vs 5 Forward 
   Center                   Left Wing                Right Wing               Time % Phy DF OF 
 1 Tim Connolly             Tyler Ennis              Marian Gaborik           36     0   1  4  
 2 Frans Nielsen            Drew Miller              Sergei Shirokov          26     0   1  4  
 3 Nazem Kadri              Erik Cole                Chad Larose              24     1   1  3  
 4 Erik Christensen         Jan Hlavac               Georges Laraque          14     3   1  1  

5 vs 5 Defense 
   Defense                  Defense                                           Time % Phy DF OF 
 1 Denis Grebeshkov         Anton Stralman                                    40     0   2  3  
 2 Wade Redden              Kurt Sauer                                        32     1   2  2  
 3 Adrian Aucoin            Matt Taormina                                     27     1   2  2  
 4 Anton Stralman           Denis Grebeshkov                                  1      0   4  1  

PowerPlay Forward 
   Center                   Left Wing                Right Wing               Time % Phy DF OF 
 1 Tim Connolly             Tyler Ennis              Marian Gaborik           60     0   0  5  
 2 Nazem Kadri              Erik Cole                Sergei Shirokov          40     0   0  5  

PowerPlay Defense
   Defense                  Defense                                           Time % Phy DF OF 
 1 Wade Redden              Denis Grebeshkov                                  60     0   0  5  
 2 Anton Stralman           Matt Taormina                                     40     0   0  5  

Penalty Kill 4 Players Forward 
   Center                   Wing                     Time % Phy DF OF 
 1 Drew Miller              Chad Larose              60     0   5  0  
 2 Frans Nielsen            Jan Hlavac               40     0   5  0  

Penalty Kill 4 Players Defense
   Defense                  Defense                  Time % Phy DF OF 
 1 Denis Grebeshkov         Kurt Sauer               60     0   5  0  
 2 Wade Redden              Anton Stralman           40     0   5  0  

Penalty Kill - 3 Players Forward 
   Forward                                           Time % Phy DF OF 
 1 Drew Miller                                       60     0   5  0  
 2 Frans Nielsen                                     40     0   5  0  

Penalty Kill - 3 Players Defense
   Defense                  Defense                  Time % Phy DF OF 
 1 Denis Grebeshkov         Wade Redden              60     0   5  0  
 2 Kurt Sauer               Anton Stralman           40     0   5  0  

4 vs 4 Forward 
   Center                   Wing                     Time % Phy DF OF 
 1 Tim Connolly             Marian Gaborik           56     1   1  3  
 2 Frans Nielsen            Drew Miller              44     1   3  1  

4 vs 4 Defense
   Defense                  Defense                  Time % Phy DF OF 
 1 Denis Grebeshkov         Kurt Sauer               56     1   3  1  
 2 Wade Redden              Anton Stralman           44     1   3  1  

Last Minutes Offensive
   Center                   Left Wing                Right Wing               Defense                  Defense                  
   Tim Connolly             Tyler Ennis              Marian Gaborik           Denis Grebeshkov         Wade Redden              

Last Minutes Defensive
   Center                   Left Wing                Right Wing               Defense                  Defense                  
   Frans Nielsen            Drew Miller              Erik Cole                Denis Grebeshkov         Kurt Sauer               

Goaltenders
Starting : Ryan Miller              
Backup : Marc Denis               

Extra Forwards
Normal : Marian Gaborik, Tyler Ennis, Sergei Shirokov - PP : Marian Gaborik, Erik Christensen - PK : Chad Larose
Extra Defensemen
Normal : Wade Redden, Denis Grebeshkov, Anton Stralman - PP : Wade Redden - PK : Kurt Sauer, Anton Stralman
Penalty Shots
Tyler Ennis, Marian Gaborik, Tim Connolly, Jan Hlavac, Sergei Shirokov

% Time on Ice - Maple Leafs

Lines # - Real PCT - Wanted PCT - Time Play
Normal Forward
1 - 37% - 40% - 17:10
2 - 27% - 30% - 12:46
3 - 21% - 20% - 9:55
4 - 14% - 10% - 6:43
Normal Defense
1 - 41% - 40% - 19:06
2 - 30% - 30% - 13:57
3 - 24% - 20% - 11:24
4 - 5% - 10% - 2:07
PP Forward
1 - 54% - 60% - 2:57
2 - 46% - 40% - 2:33
PP Defense
1 - 47% - 60% - 2:34
2 - 53% - 40% - 2:56
PK Forward
1 - 76% - 60% - 5:55
2 - 24% - 40% - 1:51
PK Defense
1 - 56% - 60% - 4:22
2 - 44% - 40% - 3:24
PK3 Forward
1 - 0% - 60%
2 - 0% - 40%
PK3 Defense
1 - 0% - 60%
2 - 0% - 40%
44 Forward
1 - 100% - 60% - 0:10
2 - 0% - 40% - 0:00
44 Defense
1 - 100% - 60% - 0:10
2 - 0% - 40% - 0:00
Last Minute Offensive  - 0:00
Last Minute Defensive  - 0:00
Total
Forward - 60:00
Defense - 60:00

% Time on Ice - Coyotes

Lines # - Real PCT - Wanted PCT - Time Play
Normal Forward
1 - 35% - 36% - 16:09
2 - 25% - 26% - 11:38
3 - 24% - 24% - 11:00
4 - 17% - 14% - 7:47
Normal Defense
1 - 36% - 40% - 16:52
2 - 35% - 32% - 16:26
3 - 28% - 27% - 13:16
4 - 0% - 1% - 0:00
PP Forward
1 - 63% - 60% - 4:54
2 - 37% - 40% - 2:52
PP Defense
1 - 61% - 60% - 4:45
2 - 39% - 40% - 3:01
PK Forward
1 - 73% - 60% - 3:48
2 - 27% - 40% - 1:25
PK Defense
1 - 57% - 60% - 2:59
2 - 43% - 40% - 2:14
PK3 Forward
1 - 100% - 60% - 0:17
2 - 0% - 40% - 0:00
PK3 Defense
1 - 100% - 60% - 0:17
2 - 0% - 40% - 0:00
44 Forward
1 - 100% - 56% - 0:10
2 - 0% - 44% - 0:00
44 Defense
1 - 100% - 56% - 0:10
2 - 0% - 44% - 0:00
Last Minute Offensive  - 0:00
Last Minute Defensive  - 0:00
Total
Forward - 60:00
Defense - 60:00

Play by Play

1st period


0:01 of 1st period - Evgeni Malkin wins face-off versus Tim Connolly in neutral zone.
0:08 of 1st period - Tobias Enstrom is hit by Anton Stralman.
0:12 of 1st period - Marian Gaborik is hit by Tobias Enstrom and loses puck.
1:12 of 1st period - Off-side.
1:13 of 1st period - Evgeni Malkin wins face-off versus Tim Connolly in neutral zone.
1:40 of 1st period - Evgeni Malkin is hit by Erik Cole and loses puck.
2:03 of 1st period - Backhand shot by Evgeni Malkin.
2:03 of 1st period - Stopped by Ryan Miller without a rebound.
2:04 of 1st period - Brendan Morrison wins face-off versus Drew Miller in Coyotes zone.
2:19 of 1st period - Snap shot by Frans Nielsen.
2:19 of 1st period - Deflect By Tobias Enstrom.
2:19 of 1st period - Shot Misses the Net.
2:19 of 1st period - Puck is out of play.
2:20 of 1st period - Erik Christensen wins face-off versus Jordan Staal in Maple Leafs zone.
3:32 of 1st period - Wrist shot by Evgeni Malkin.
3:32 of 1st period - Deflect By Claude Giroux.
3:32 of 1st period - Shot Misses the Net.
3:32 of 1st period - Puck is out of play.
3:33 of 1st period - Tim Connolly wins face-off versus Brendan Morrison in Coyotes zone.
3:40 of 1st period - Snap shot by Marian Gaborik.
3:40 of 1st period - Stopped by Mike Smith without a rebound.
3:41 of 1st period - Brendan Morrison wins face-off versus Tim Connolly in Maple Leafs zone.
3:50 of 1st period - Snap shot by Byron Bitz.
3:50 of 1st period - Stopped by Ryan Miller without a rebound.
3:51 of 1st period - Evgeni Malkin wins face-off versus Frans Nielsen in Coyotes zone.
3:55 of 1st period - Icing by Anton Stralman.
3:56 of 1st period - Frans Nielsen wins face-off versus Evgeni Malkin in Coyotes zone.
4:33 of 1st period - Snap shot by Jordan Staal.
4:33 of 1st period - Shot Blocked by Denis Grebeshkov.
4:43 of 1st period - Snap shot by Nazem Kadri.
4:43 of 1st period - Shot Blocked by Jamie McBain.
4:45 of 1st period - Slapshot by Anton Stralman.
4:45 of 1st period - Stopped by Mike Smith with a rebound.
4:47 of 1st period - Snap shot by Chad Larose.
4:47 of 1st period - Deflect By Erik Cole.
4:47 of 1st period - Shot Misses the Net.
4:47 of 1st period - Puck is out of play.
4:48 of 1st period - Chad Larose wins face-off versus Evgeni Malkin in Maple Leafs zone.
6:09 of 1st period - Snap shot by Rob Schremp.
6:09 of 1st period - Deflect By Justin Abdelkader.
6:09 of 1st period - Stopped by Ryan Miller without a rebound.
6:10 of 1st period - Tim Connolly wins face-off versus Evgeni Malkin in Coyotes zone.
6:27 of 1st period - Wrist shot by Claude Giroux.
6:27 of 1st period - Shot Blocked by Wade Redden.
7:15 of 1st period - Minor Penalty to Justin Schultz for Holding.
7:16 of 1st period - Erik Cole wins face-off versus Claude Giroux in Maple Leafs zone.
8:13 of 1st period - Off-side.
8:14 of 1st period - Matt Pettinger wins face-off versus Tim Connolly in neutral zone.
8:23 of 1st period - Taylor Chorney is hit by Marian Gaborik and loses puck.
9:15 of 1st period - Penalty to Justin Schultz is over, Justin Schultz is back on ice.
10:19 of 1st period - Evgeni Malkin is hit by Anton Stralman and loses puck.
10:45 of 1st period - Icing by Marc-Édouard Vlasic.
10:46 of 1st period - Tim Connolly wins face-off versus Byron Bitz in Maple Leafs zone.
10:47 of 1st period - Wrist shot by Marian Gaborik.
10:47 of 1st period - Stopped by Mike Smith without a rebound.
10:48 of 1st period - Tim Connolly wins face-off versus Brendan Morrison in Maple Leafs zone.
10:51 of 1st period - Snap shot by Tyler Ennis.
10:51 of 1st period - Stopped by Mike Smith without a rebound.
10:52 of 1st period - Marian Gaborik wins face-off versus Brendan Morrison in Maple Leafs zone.
11:11 of 1st period - Snap shot by Brendan Morrison.
11:11 of 1st period - Stopped by Ryan Miller with a rebound.
13:10 of 1st period - Anton Stralman is hit by Byron Bitz and loses puck.
13:27 of 1st period - Snap shot by Tyler Ennis.
13:27 of 1st period - Shot Misses the Net.
14:06 of 1st period - Snap shot by Byron Bitz.
14:06 of 1st period - Stopped by Ryan Miller without a rebound.
14:07 of 1st period - Evgeni Malkin wins face-off versus Frans Nielsen in Coyotes zone.
14:08 of 1st period - Backhand shot by Claude Giroux.
14:08 of 1st period - Stopped by Ryan Miller without a rebound.
14:09 of 1st period - Frans Nielsen wins face-off versus Evgeni Malkin in Coyotes zone.
14:17 of 1st period - Icing by Sergei Shirokov.
14:18 of 1st period - Frans Nielsen wins face-off versus Evgeni Malkin in Coyotes zone.
15:10 of 1st period - Wrist shot by Frans Nielsen.
15:10 of 1st period - Shot Misses the Net.
15:12 of 1st period - Slapshot by Wade Redden.
15:12 of 1st period - Shot Misses the Net.
15:14 of 1st period - Slapshot by Wade Redden.
15:14 of 1st period - Stopped by Mike Smith without a rebound.
15:15 of 1st period - Nazem Kadri wins face-off versus Colby Armstrong in Maple Leafs zone.
15:20 of 1st period - Wrist shot by Nazem Kadri.
15:20 of 1st period - Deflect By Erik Cole.
15:20 of 1st period - Shot Misses the Net.
15:20 of 1st period - Puck is out of play.
15:21 of 1st period - Nazem Kadri wins face-off versus Jordan Staal in Maple Leafs zone.
15:32 of 1st period - Wrist shot by Matt Pettinger.
15:32 of 1st period - Shot Misses the Net.
15:58 of 1st period - Snap shot by Rob Schremp.
15:58 of 1st period - Shot Misses the Net.
16:09 of 1st period - Off-side.
16:10 of 1st period - Frans Nielsen wins face-off versus Evgeni Malkin in neutral zone.
16:15 of 1st period - Snap shot by Frans Nielsen.
16:15 of 1st period - Stopped by Mike Smith without a rebound.
16:16 of 1st period - Evgeni Malkin wins face-off versus Nazem Kadri in Maple Leafs zone.
16:33 of 1st period - Evgeni Malkin is hit by Erik Cole and loses puck.
17:06 of 1st period - Braydon Coburn is hit by Matt Taormina and loses puck.
17:29 of 1st period - Snap shot by Nazem Kadri.
17:29 of 1st period - Shot Misses the Net.
17:45 of 1st period - Braydon Coburn is hit by Anton Stralman and loses puck.
18:21 of 1st period - Wrist shot by Alexander Frolov.
18:21 of 1st period - Stopped by Ryan Miller with a rebound.
18:23 of 1st period - Snap shot by Alexander Frolov.
18:23 of 1st period - Stopped by Ryan Miller with a rebound.
18:37 of 1st period - Snap shot by Evgeni Malkin.
18:37 of 1st period - Stopped by Ryan Miller without a rebound.
18:38 of 1st period - Jordan Staal wins face-off versus Nazem Kadri in Coyotes zone.
18:47 of 1st period - Slapshot by Matt Pettinger.
18:47 of 1st period - Stopped by Ryan Miller with a rebound.
18:49 of 1st period - Slapshot by Marc-Édouard Vlasic.
18:49 of 1st period - Shot Misses the Net.
18:51 of 1st period - Wrist shot by Jordan Staal.
18:51 of 1st period - Stopped by Ryan Miller with a rebound.
18:53 of 1st period - Slapshot by Marc-Édouard Vlasic.
18:53 of 1st period - Goal by Marc-Édouard Vlasic - Maple Leafs : 1 - Coyotes : 0.
18:54 of 1st period - Erik Cole wins face-off versus Evgeni Malkin in neutral zone.
18:58 of 1st period - Icing by Claude Giroux.
18:59 of 1st period - Evgeni Malkin wins face-off versus Nazem Kadri in Maple Leafs zone.
19:50 of 1st period - Snap shot by Fabian Brunnstrom.
19:50 of 1st period - Stopped by Ryan Miller with a rebound.
Goals for this period are 1 for Maple Leafs vs 0 for Coyotes.
Shots for this period are 13 for Maple Leafs vs 6 for Coyotes.

2nd period


0:01 of 2nd period - Evgeni Malkin wins face-off versus Nazem Kadri in neutral zone.
0:54 of 2nd period - Wrist shot by Brendan Morrison.
0:54 of 2nd period - Stopped by Ryan Miller with a rebound.
0:56 of 2nd period - Snap shot by Byron Bitz.
0:56 of 2nd period - Shot Misses the Net.
2:42 of 2nd period - Slapshot by Erik Cole.
2:42 of 2nd period - Deflect By Alexander Frolov.
2:42 of 2nd period - Shot Blocked by Marc-Édouard Vlasic.
2:42 of 2nd period - Puck is out of play.
2:43 of 2nd period - Tim Connolly wins face-off versus Evgeni Malkin in Maple Leafs zone.
2:44 of 2nd period - Snap shot by Marian Gaborik.
2:44 of 2nd period - Deflect By Tyler Ennis.
2:44 of 2nd period - Shot Misses the Net.
2:44 of 2nd period - Puck is out of play.
2:45 of 2nd period - Evgeni Malkin wins face-off versus Tim Connolly in Maple Leafs zone.
2:50 of 2nd period - Wrist shot by Marian Gaborik.
2:50 of 2nd period - Goal by Marian Gaborik - Maple Leafs : 1 - Coyotes : 1.
2:51 of 2nd period - Frans Nielsen wins face-off versus Evgeni Malkin in neutral zone.
3:03 of 2nd period - Slapshot by Claude Giroux.
3:03 of 2nd period - Shot Misses the Net.
3:05 of 2nd period - Slapshot by Tobias Enstrom.
3:05 of 2nd period - Stopped by Ryan Miller without a rebound.
3:06 of 2nd period - Tim Connolly wins face-off versus Evgeni Malkin in Coyotes zone.
3:13 of 2nd period - Wrist shot by Anton Stralman.
3:13 of 2nd period - Stopped by Mike Smith with a rebound.
3:21 of 2nd period - Snap shot by Marian Gaborik.
3:21 of 2nd period - Goal by Marian Gaborik - Maple Leafs : 1 - Coyotes : 2.
3:22 of 2nd period - Nazem Kadri wins face-off versus Alexander Frolov in neutral zone.
3:35 of 2nd period - Alexander Frolov is hit by Erik Cole and loses puck.
3:48 of 2nd period - Drew Miller is hit by Colby Armstrong and loses puck.
4:13 of 2nd period - Wrist shot by Tim Connolly.
4:13 of 2nd period - Shot Misses the Net.
4:15 of 2nd period - Slapshot by Denis Grebeshkov.
4:15 of 2nd period - Deflect By Brendan Morrison.
4:15 of 2nd period - Stopped by Mike Smith with a rebound.
4:17 of 2nd period - Slapshot by Denis Grebeshkov.
4:17 of 2nd period - Stopped by Mike Smith with a rebound.
4:19 of 2nd period - Slapshot by Denis Grebeshkov.
4:19 of 2nd period - Stopped by Mike Smith with a rebound.
4:58 of 2nd period - Wrist shot by Byron Bitz.
4:58 of 2nd period - Stopped by Ryan Miller with a rebound.
5:04 of 2nd period - Jamie McBain is hit by Erik Christensen and loses puck.
5:17 of 2nd period - Wrist shot by Alexander Frolov.
5:17 of 2nd period - Stopped by Ryan Miller without a rebound.
5:18 of 2nd period - Evgeni Malkin wins face-off versus Frans Nielsen in Coyotes zone.
5:23 of 2nd period - Wrist shot by Evgeni Malkin.
5:23 of 2nd period - Shot Blocked by Wade Redden.
5:41 of 2nd period - Backhand shot by Frans Nielsen.
5:41 of 2nd period - Shot Misses the Net.
5:59 of 2nd period - Wade Redden is hit by Evgeni Malkin and loses puck.
6:06 of 2nd period - Claude Giroux is hit by Frans Nielsen and loses puck.
6:21 of 2nd period - Minor Penalty to Tobias Enstrom for Slashing.
6:22 of 2nd period - Matt Pettinger wins face-off versus Tim Connolly in Maple Leafs zone.
6:37 of 2nd period - Snap shot by Tyler Ennis.
6:37 of 2nd period - Shot Blocked by Taylor Chorney.
6:39 of 2nd period - Slapshot by Anton Stralman.
6:39 of 2nd period - Deflect By Tim Connolly.
6:39 of 2nd period - Stopped by Mike Smith without a rebound.
6:40 of 2nd period - Tim Connolly wins face-off versus Claude Giroux in Maple Leafs zone.
6:47 of 2nd period - Snap shot by Marian Gaborik.
6:47 of 2nd period - Deflect By Claude Giroux.
6:47 of 2nd period - Shot Misses the Net.
6:47 of 2nd period - Puck is out of play.
6:48 of 2nd period - Tim Connolly wins face-off versus Claude Giroux in Maple Leafs zone.
7:09 of 2nd period - Wrist shot by Marian Gaborik.
7:09 of 2nd period - Stopped by Mike Smith with a rebound.
7:11 of 2nd period - Snap shot by Marian Gaborik.
7:11 of 2nd period - Shot Misses the Net.
7:13 of 2nd period - Slapshot by Marian Gaborik.
7:13 of 2nd period - Stopped by Mike Smith with a rebound.
7:15 of 2nd period - Snap shot by Tyler Ennis.
7:15 of 2nd period - Stopped by Mike Smith with a rebound.
7:17 of 2nd period - Slapshot by Marian Gaborik.
7:17 of 2nd period - Shot Misses the Net.
7:19 of 2nd period - Snap shot by Tim Connolly.
7:19 of 2nd period - Shot Misses the Net.
7:33 of 2nd period - Snap shot by Tyler Ennis.
7:33 of 2nd period - Stopped by Mike Smith with a rebound.
7:47 of 2nd period - Snap shot by Tim Connolly.
7:47 of 2nd period - Shot Misses the Net.
8:05 of 2nd period - Snap shot by Tyler Ennis.
8:05 of 2nd period - Deflect By Tim Connolly.
8:05 of 2nd period - Deflect By Alexander Frolov.
8:05 of 2nd period - Shot Blocked by Taylor Chorney.
8:05 of 2nd period - Puck is out of play.
8:06 of 2nd period - Nazem Kadri wins face-off versus Alexander Frolov in Maple Leafs zone.
8:21 of 2nd period - Penalty to Tobias Enstrom is over, Tobias Enstrom is back on ice.
8:31 of 2nd period - Slapshot by Jordan Staal.
8:31 of 2nd period - Shot Misses the Net.
8:33 of 2nd period - Wrist shot by Jordan Staal.
8:33 of 2nd period - Shot Misses the Net.
8:35 of 2nd period - Backhand shot by Braydon Coburn.
8:35 of 2nd period - Stopped by Ryan Miller with a rebound.
8:37 of 2nd period - Snap shot by Marc-Édouard Vlasic.
8:37 of 2nd period - Shot Misses the Net.
9:18 of 2nd period - Icing by Byron Bitz.
9:19 of 2nd period - Brendan Morrison wins face-off versus Erik Christensen in Maple Leafs zone.
9:19 of 2nd period - Brendan Morrison is hit by Georges Laraque.
9:29 of 2nd period - Evgeni Malkin is hit by Kurt Sauer and loses puck.
10:05 of 2nd period - Slapshot by Drew Miller.
10:05 of 2nd period - Goal by Drew Miller - Maple Leafs : 1 - Coyotes : 3.
10:06 of 2nd period - Evgeni Malkin wins face-off versus Tim Connolly in neutral zone.
10:57 of 2nd period - Minor Penalty to Sergei Shirokov for Hooking.
10:58 of 2nd period - Drew Miller wins face-off versus Evgeni Malkin in Coyotes zone.
12:46 of 2nd period - Minor Penalty to Fabian Brunnstrom for Hooking.
12:47 of 2nd period - Tim Connolly wins face-off versus Evgeni Malkin in Maple Leafs zone.
12:56 of 2nd period - Snap shot by Tim Connolly.
12:56 of 2nd period - Stopped by Mike Smith with a rebound.
12:57 of 2nd period - Penalty to Sergei Shirokov is over, Sergei Shirokov is back on ice.
13:24 of 2nd period - Wrist shot by Tim Connolly.
13:24 of 2nd period - Stopped by Mike Smith with a rebound.
14:46 of 2nd period - Penalty to Fabian Brunnstrom is over, Fabian Brunnstrom is back on ice.
16:25 of 2nd period - Denis Grebeshkov is hit by Brendan Morrison and loses puck.
16:56 of 2nd period - Alexander Frolov is hit by Drew Miller and loses puck.
18:06 of 2nd period - Slapshot by Tobias Enstrom.
18:06 of 2nd period - Stopped by Ryan Miller without a rebound.
18:07 of 2nd period - Brendan Morrison wins face-off versus Tim Connolly in Coyotes zone.
18:12 of 2nd period - Wrist shot by Brendan Morrison.
18:12 of 2nd period - Stopped by Ryan Miller without a rebound.
18:13 of 2nd period - Tim Connolly wins face-off versus Brendan Morrison in Coyotes zone.
18:41 of 2nd period - Snap shot by Brendan Morrison.
18:41 of 2nd period - Stopped by Ryan Miller without a rebound.
18:42 of 2nd period - Claude Giroux wins face-off versus Nazem Kadri in Coyotes zone.
18:57 of 2nd period - Snap shot by Erik Cole.
18:57 of 2nd period - Shot Misses the Net.
19:19 of 2nd period - Icing by Colby Armstrong.
19:20 of 2nd period - Tim Connolly wins face-off versus Jordan Staal in Maple Leafs zone.
19:37 of 2nd period - Snap shot by Tim Connolly.
19:37 of 2nd period - Stopped by Mike Smith without a rebound.
19:38 of 2nd period - Nazem Kadri wins face-off versus Evgeni Malkin in Maple Leafs zone.
19:47 of 2nd period - Snap shot by Claude Giroux.
19:47 of 2nd period - Stopped by Ryan Miller with a rebound.
Goals for this period are 0 for Maple Leafs vs 3 for Coyotes.
Shots for this period are 9 for Maple Leafs vs 15 for Coyotes.

3rd period


0:01 of 3rd period - Tim Connolly wins face-off versus Evgeni Malkin in neutral zone.
0:19 of 3rd period - Minor Penalty to Denis Grebeshkov for Roughing.
0:20 of 3rd period - Drew Miller wins face-off versus Evgeni Malkin in Coyotes zone.
1:19 of 3rd period - Snap shot by Claude Giroux.
1:19 of 3rd period - Shot Misses the Net.
1:25 of 3rd period - Wrist shot by Evgeni Malkin.
1:25 of 3rd period - Stopped by Ryan Miller with a rebound.
1:27 of 3rd period - Snap shot by Evgeni Malkin.
1:27 of 3rd period - Stopped by Ryan Miller without a rebound.
1:28 of 3rd period - Brendan Morrison wins face-off versus Drew Miller in Coyotes zone.
2:01 of 3rd period - Minor Penalty to Nazem Kadri for Hooking.
2:02 of 3rd period - Brendan Morrison wins face-off versus Drew Miller in Coyotes zone.
2:19 of 3rd period - Penalty to Denis Grebeshkov is over, Denis Grebeshkov is back on ice.
2:33 of 3rd period - Drew Miller is hit by Taylor Chorney and loses puck.
2:44 of 3rd period - Alexander Frolov is hit by Denis Grebeshkov and loses puck.
3:08 of 3rd period - Icing by Taylor Chorney.
3:09 of 3rd period - Brendan Morrison wins face-off versus Drew Miller in Maple Leafs zone.
3:27 of 3rd period - Snap shot by Byron Bitz.
3:27 of 3rd period - Shot Misses the Net.
3:29 of 3rd period - Slapshot by Marc-Édouard Vlasic.
3:29 of 3rd period - Stopped by Ryan Miller without a rebound.
3:30 of 3rd period - Evgeni Malkin wins face-off versus Drew Miller in Coyotes zone.
4:01 of 3rd period - Penalty to Nazem Kadri is over, Nazem Kadri is back on ice.
4:14 of 3rd period - Colby Armstrong is hit by Marian Gaborik and loses puck.
4:43 of 3rd period - Backhand shot by Tyler Ennis.
4:43 of 3rd period - Stopped by Mike Smith with a rebound.
5:01 of 3rd period - Wade Redden is hit by Braydon Coburn and loses puck.
5:19 of 3rd period - Wrist shot by Claude Giroux.
5:19 of 3rd period - Stopped by Ryan Miller with a rebound.
6:19 of 3rd period - Tobias Enstrom is hit by Tim Connolly and loses puck.
6:56 of 3rd period - Slapshot by Tim Connolly.
6:56 of 3rd period - Shot Blocked by Claude Giroux.
7:10 of 3rd period - Snap shot by Tim Connolly.
7:10 of 3rd period - Deflect By Marian Gaborik.
7:10 of 3rd period - Goal by Marian Gaborik - Maple Leafs : 1 - Coyotes : 4.
7:11 of 3rd period - Brendan Morrison wins face-off versus Frans Nielsen in neutral zone.
8:55 of 3rd period - Wrist shot by Justin Abdelkader.
8:55 of 3rd period - Stopped by Ryan Miller with a rebound.
8:57 of 3rd period - Snap shot by Rob Schremp.
8:57 of 3rd period - Stopped by Ryan Miller with a rebound.
8:59 of 3rd period - Wrist shot by Rob Schremp.
8:59 of 3rd period - Goal by Rob Schremp - Maple Leafs : 2 - Coyotes : 4.
9:00 of 3rd period - Nazem Kadri wins face-off versus Brendan Morrison in neutral zone.
9:15 of 3rd period - Snap shot by Byron Bitz.
9:15 of 3rd period - Shot Blocked by Matt Taormina.
9:36 of 3rd period - Off-side.
9:37 of 3rd period - Brendan Morrison wins face-off versus Nazem Kadri in neutral zone.
10:29 of 3rd period - Kurt Sauer is hit by Justin Abdelkader and loses puck.
10:36 of 3rd period - Marc-Édouard Vlasic is hit by Erik Christensen.
11:08 of 3rd period - Icing by Evgeni Malkin.
11:09 of 3rd period - Rob Schremp wins face-off versus Nazem Kadri in Maple Leafs zone.
11:55 of 3rd period - Taylor Chorney is hit by Drew Miller and loses puck.
12:04 of 3rd period - Wrist shot by Sergei Shirokov.
12:04 of 3rd period - Stopped by Mike Smith with a rebound.
12:06 of 3rd period - Snap shot by Wade Redden.
12:06 of 3rd period - Deflect By Drew Miller.
12:06 of 3rd period - Shot Hit the Post.
12:06 of 3rd period - Puck is out of play.
12:07 of 3rd period - Evgeni Malkin wins face-off versus Nazem Kadri in Maple Leafs zone.
12:22 of 3rd period - Snap shot by Evgeni Malkin.
12:22 of 3rd period - Deflect By Claude Giroux.
12:22 of 3rd period - Stopped by Ryan Miller with a rebound.
12:36 of 3rd period - Slapshot by Colby Armstrong.
12:36 of 3rd period - Shot Misses the Net.
12:38 of 3rd period - Slapshot by Taylor Chorney.
12:38 of 3rd period - Stopped by Ryan Miller without a rebound.
12:39 of 3rd period - Jordan Staal wins face-off versus Tim Connolly in Coyotes zone.
12:54 of 3rd period - Slapshot by Matt Pettinger.
12:54 of 3rd period - Stopped by Ryan Miller with a rebound.
14:00 of 3rd period - Wrist shot by Frans Nielsen.
14:00 of 3rd period - Stopped by Mike Smith with a rebound.
14:52 of 3rd period - Slapshot by Rob Schremp.
14:52 of 3rd period - Stopped by Ryan Miller with a rebound.
15:24 of 3rd period - Wrist shot by Fabian Brunnstrom.
15:24 of 3rd period - Shot Misses the Net.
15:41 of 3rd period - Snap shot by Erik Christensen.
15:41 of 3rd period - Stopped by Mike Smith without a rebound.
15:42 of 3rd period - Jordan Staal wins face-off versus Nazem Kadri in Maple Leafs zone.
16:01 of 3rd period - Chad Larose is hit by Marc-Édouard Vlasic.
16:13 of 3rd period - Wrist shot by Tyler Ennis.
16:13 of 3rd period - Stopped by Mike Smith with a rebound.
16:49 of 3rd period - Minor Penalty to Justin Abdelkader for Boarding.
16:50 of 3rd period - Claude Giroux wins face-off versus Tim Connolly in Maple Leafs zone.
17:20 of 3rd period - Slapshot by Sergei Shirokov.
17:20 of 3rd period - Shot Misses the Net.
17:22 of 3rd period - Snap shot by Erik Cole.
17:22 of 3rd period - Shot Misses the Net.
17:24 of 3rd period - Slapshot by Wade Redden.
17:24 of 3rd period - Stopped by Mike Smith with a rebound.
17:28 of 3rd period - Slapshot by Nazem Kadri.
17:28 of 3rd period - Shot Misses the Net.
18:23 of 3rd period - Tim Connolly is hit by Matt Pettinger and loses puck.
18:49 of 3rd period - Penalty to Justin Abdelkader is over, Justin Abdelkader is back on ice.
18:59 of 3rd period - Jan Hlavac is hit by Byron Bitz and loses puck.
19:05 of 3rd period - Off-side.
19:06 of 3rd period - Tim Connolly wins face-off versus Jordan Staal in neutral zone.
19:40 of 3rd period - Wrist shot by Sergei Shirokov.
19:40 of 3rd period - Shot Misses the Net.
Goals for this period are 1 for Maple Leafs vs 1 for Coyotes.
Shots for this period are 11 for Maple Leafs vs 7 for Coyotes.


Output by the SimonT Hockey Simulator (STHS) for François Prévost -- Original Page W3C XHTML 1.0 Valid
Hockey Simulator - Hockey Simulation - Hockey Manager